 Dungeon Crawl Stone Soup version 0.21.1-1-g345015f (webtiles) character file.

3432 Kairos the Cleaver (level 10, 0/76 HPs)
             Began as a Human Fighter on Apr 1, 2018.
             Was a Priest of Okawaru.
             Slain by a wyvern (14 damage)
             ... on level 8 of the Dungeon.
             The game lasted 00:11:35 (8742 turns).

Kairos the Cleaver (Human Fighter)                  Turns: 8742, Time: 00:11:36

Health: 0/76       AC: 15    Str: 17    XL:     10   Next: 25%
Magic:  10/10      EV: 10    Int:  8    God:    Okawaru [***...]
Gold:   455        SH: 10    Dex: 16    Spells: 9/9 levels left

rFire    . . .     SeeInvis .   a - +0 war axe
rCold    . . .     Gourm    .   c - +0 shield
rNeg     . . .     Faith    .   b - +0 scale mail
rPois    .         Spirit   .   (no helmet)
rElec    .         Reflect  .   e - +0 cloak
rCorr    +         Harm     .   l - +0 pair of gloves
MR       .....                  (no boots)
Stlth    ..........             i - amulet of rage
HPRegen  0.22/turn              g - +5 ring of protection
MPRegen  0.12/turn              A - ring of resist corrosion

@: no status effects
A: no striking features
a: Heroism, Renounce Religion, Evoke Berserk Rage


You were on level 8 of the Dungeon.
You worshipped Okawaru.
Okawaru was most pleased with you.
You were not hungry.

You visited 1 branch of the dungeon, and saw 9 of its levels.

You collected 455 gold pieces.

Inventory:

Hand Weapons
 a - a +0 war axe (weapon)
 v - a +0 morningstar
Armour
 b - a +0 scale mail (worn)
 c - a +0 shield (worn)
 e - a +0 cloak (worn)
 l - a +0 pair of gloves (worn)
Jewellery
 g - a +5 ring of protection (left hand)
 i - an amulet of rage (around neck)
 p - an uncursed ring of wizardry
 A - a ring of resist corrosion (right hand)
Wands
 k - a wand of paralysis (7)
 y - a wand of iceblast (3)
 E - a wand of flame (24)
Scrolls
 m - 7 scrolls of remove curse
 o - a scroll of enchant armour {unknown}
 q - 2 scrolls of amnesia
 r - 2 scrolls of teleportation
 s - 2 scrolls of enchant weapon {unknown}
 x - 4 scrolls of fear
Potions
 d - a potion of might
 h - 3 potions of curing
 n - 2 potions of ambrosia
 t - a potion of heal wounds {unknown}
 u - a potion of cancellation
 z - 4 potions of flight {unknown}
 B - 2 potions of agility
 C - a potion of haste {unknown}
 D - a potion of magic {unknown}
Comestibles
 f - 15 rations
 F - 2 chunks of flesh


   Skills:
 + Level 5.9 Fighting
 + Level 9.2 Axes
 + Level 6.0 Armour
 + Level 4.4 Dodging
 + Level 0.7 Stealth
 + Level 6.7 Shields
 + Level 0.4 Invocations
 + Level 0.7 Evocations


You had 9 spell levels left.
You didn't know any spells.

Dungeon Overview and Level Annotations

Branches:
Dungeon (9/15)             Temple (0/1) D:5
   Lair: D:8-11         Orc: D:9-12

Altars:
Ashenzari
Dithmenos
Elyvilon
Gozag
Nemelex Xobeh
Okawaru
Qazlal
Ru
Trog
Uskayaw
Xom
Zin


Message History

There is a stone staircase leading down here.
The wyvern completely misses you. The wyvern bites you.
The wyvern barely misses you.
You feel like a meek peon again.
The wyvern bites you but does no damage.
The orc priest mumbles some strange prayers to Beogh against you.
Beogh smites you!
* * * LOW HITPOINT WARNING * * *
You block the wyvern's attack.
There is an open door here.
You block the wyvern's attack.
There is a stone staircase leading up here.
The wyvern closely misses you. x2
You climb upwards.
There is a stone staircase leading down here.
You hit the wyvern.
The wyvern is lightly wounded.
The wyvern bites you!
You die...

.............# #.#...........#
.######.####.####.#.(....>....#
..................#...........#
###########..#######.........##
#(.........8.....8.#
#.#######..........# #.#
###(######## #.# ######.# #.#
#@.....# ###.# #l###### #...#
#.# #.######.# #........#
#.######## #########.#
#[.....##.## ...........#


You could see a wyvern.

Vanquished Creatures
  Maurice (D:8)
  The ghost of buskinjo the Ogre Mage, an amateur OgIE (D:3)
  A hippogriff (D:4)
  A spriggan (D:8)
  2 wyverns (D:8)
  An orc warrior (D:7)
  A sky beast (D:8)
  2 ice beasts
  2 phantoms
  2 ogres
  A centaur (D:7)
  A scorpion (D:4)
  8 killer bees
  A howler monkey (D:4)
  A centaur zombie (D:5)
  A crimson imp (D:5)
  2 jellies
  A quasit (D:8)
  4 orc priests
  Crazy Yiuf (D:2)
  3 hounds
  A bullfrog skeleton (D:5)
  A centaur skeleton (D:8)
  An iguana (D:4)
  3 orc wizards
  Natasha (thrice) (D:2)
  Terence (D:2)
  5 worker ants
  A hound zombie (D:5)
  A hound skeleton (D:4)
  4 gnolls (D:5)
  6 adders
  An ooze (D:5)
  3 adder skeletons
  3 worms
  2 dart slugs (D:1)
  4 leopard geckos
  24 orcs
  6 bats
  6 giant cockroaches
  5 hobgoblins
  10 kobolds
  2 quokkas
  A ball python (D:4)
  10 frilled lizards
  8 goblins
  A jackal zombie (D:8)
  A leopard gecko zombie (D:6)
  3 rats
155 creatures vanquished.

Notes
Turn   | Place    | Note
-------+----------+-------------------------------------------
     0 | D:1      | Kairos the Human Fighter began the quest for the Orb.
     0 | D:1      | Reached XP level 1. HP: 18/18 MP: 1/1
   191 | D:1      | Reached XP level 2. HP: 24/24 MP: 2/2
   593 | D:1      | Found an iron altar of Okawaru.
   602 | D:1      | Reached XP level 3. HP: 19/29 MP: 3/3
   606 | D:1      | Became a worshipper of Warmaster Okawaru
  1204 | D:2      | Noticed Terence
  1218 | D:2      | Killed Terence
  1218 | D:2      | Reached XP level 4. HP: 34/35 MP: 4/4
  1230 | D:2      | Found a shattered altar of Ashenzari.
  1378 | D:2      | Found a runed door.
  1488 | D:2      | Noticed Natasha
  1492 | D:2      | Killed Natasha
  1507 | D:2      | Found a stormy altar of Qazlal.
  1801 | D:2      | Found a bloodstained altar of Trog.
  1836 | D:2      | Noticed Natasha
  1849 | D:2      | Killed Natasha
  1849 | D:2      | Reached XP level 5. HP: 37/41 MP: 5/5
  1901 | D:2      | Noticed Natasha
  1915 | D:2      | Killed Natasha
  1915 | D:2      | Reached skill level 3 in Axes
  1915 | D:2      | Reached skill level 1 in Dodging
  1986 | D:2      | Noticed Crazy Yiuf
  1991 | D:2      | Killed Crazy Yiuf
  2202 | D:3      | Noticed buskinjo's ghost (amateur OgIE)
  2526 | D:3      | Reached XP level 6. HP: 37/47 MP: 6/6
  2794 | D:3      | Killed buskinjo's ghost
  2794 | D:3      | Reached * piety under Okawaru
  2794 | D:3      | Reached skill level 4 in Axes
  2794 | D:3      | Reached XP level 7. HP: 8/53 MP: 7/7
  3369 | D:3      | Found a sacrificial altar of Ru.
  3529 | D:3      | Found an opulent altar of Gozag.
  3529 | D:3      | Found a glowing silver altar of Zin.
  3702 | D:4      | Reached skill level 5 in Shields
  3740 | D:4      | Reached skill level 5 in Axes
  3826 | D:4      | Reached XP level 8. HP: 33/60 MP: 8/8
  4238 | D:4      | Found a shimmering altar of Xom.
  4565 | D:4      | Noticed a hippogriff
  4581 | D:4      | Killed a hippogriff
  4581 | D:4      | Reached ** piety under Okawaru
  4780 | D:4      | Reached skill level 6 in Axes
  4904 | D:5      | Entered Level 5 of the Dungeon
  5072 | D:5      | Found a white marble altar of Elyvilon.
  5167 | D:5      | Reached skill level 5 in Armour
  5184 | D:5      | Found a staircase to the Ecumenical Temple.
  5220 | D:5      | Reached XP level 9. HP: 58/66 MP: 9/9
  5239 | D:5      | Reached skill level 7 in Axes
  6833 | D:7      | Found a shadowy altar of Dithmenos.
  7274 | D:7      | Reached skill level 8 in Axes
  7671 | D:8      | Reached skill level 5 in Fighting
  8127 | D:8      | Reached *** piety under Okawaru
  8171 | D:8      | Reached XP level 10. HP: 53/74 MP: 10/10
  8581 | D:8      | Found a sparkling altar of Nemelex Xobeh.
  8583 | D:8      | Noticed Maurice
  8587 | D:8      | Paralysed by Maurice for 7 turns
  8603 | D:8      | Killed Maurice
  8603 | D:8      | Reached skill level 9 in Axes
  8610 | D:8      | Found a hide-covered altar of Uskayaw.
  8742 | D:8      | Slain by a wyvern

Skill      XL: |  1  2  3  4  5  6  7  8  9 10 |
---------------+-------------------------------+-----
Shields        | 4 5 6 |  6.7
Axes           | 3 4 5 6 8 9 |  9.2
Dodging        | 1 2 4 |  4.4
Armour         | 4 5 6 |  6.0
Fighting       | 4 5 |  5.9
Stealth        | |  0.7
Invocations    | |  0.4
Evocations     | |  0.7

Action                   |  1- 3 |  4- 6 |  7- 9 | 10-12 || total
-------------------------+-------+-------+-------+-------++-------
Melee: War axe           |    97 |   136 |   481 |    48 ||   762
Invok: Heroism           |       |       |     3 |     3 ||     6
 Abil: Evoke Berserk Rag |       |     2 |     1 |       ||     3
  Use: Scroll            |       |       |     8 |     2 ||    10
  Eat: Chunk             |       |     7 |     9 |     2 ||    18
       Ration            |       |       |     3 |       ||     3
Armor: Scale mail        |    46 |    70 |   240 |    22 ||   378
Dodge: Dodged            |    28 |    46 |   184 |    30 ||   288
Block: Shield            |    47 |    96 |   261 |    30 ||   434
